 Dungeon Crawl Stone Soup version 0.20-a0-201-g851c6fa (webtiles) character file.

111 wazuzu the Skirmisher (level 4, -4/49 HPs)
             Began as an Ogre Hunter on Nov 24, 2016.
             Slain by Jarno's ghost (9 damage)
             ... on level 4 of the Dungeon.
             The game lasted 00:04:45 (2644 turns).

wazuzu the Skirmisher (Ogre Hunter)                 Turns: 2644, Time: 00:04:46

Health: -4/49      AC:  3    Str: 18    XL:     4   Next: 92%
Magic:  0/4        EV: 10    Int: 10    God:
Gold:   72         SH:  0    Dex: 14    Spells: 3/3 levels left

rFire  . . .     SeeInvis .     l - +1 club
rCold  . . .     Gourm    .     b - +0 robe
rNeg   + . .     Faith    .     (no shield)
rPois  .         Spirit   +     (helmet restricted)
rElec  .         Reflect  .     (no cloak)
rCorr  .         Harm     .     (gloves unavailable)
MR     .....                    (boots unavailable)
Stlth  ++........               i - amulet of guardian spirit
                                s - +4 ring of dexterity
                                p - ring of positive energy

@: very slightly contaminated, hasted, very quick
A: unfitting armour, tough skin 1
a: no special abilities


You were on level 4 of the Dungeon.
You were not hungry.

You visited 1 branch of the dungeon, and saw 3 of its levels.

You collected 72 gold pieces.

Inventory:

Hand Weapons
 l - a +1 club (weapon)
Missiles
 c - 5 large rocks
 d - 2 throwing nets
 r - 23 stones (quivered)
Armour
 b - a +0 robe (worn)
Jewellery
 i - an amulet of guardian spirit (around neck)
 p - a ring of positive energy (left hand)
 s - a +4 ring of dexterity (right hand)
Scrolls
 e - a scroll of immolation {unknown}
 q - a scroll of identify
Potions
 g - 2 potions of curing
 n - a potion of might {unknown}
 o - a potion of brilliance {unknown}
Comestibles
 a - 4 fruits
 f - 2 bread rations
 u - 3 chunks of flesh


   Skills:
 - Level 4.7 Fighting
 * Level 4.2 Maces & Flails
 - Level 4.0 Throwing
 - Level 1.7 Dodging
 - Level 0.6 Stealth


You had 3 spell levels left.
You didn't know any spells.

Dungeon Overview and Level Annotations

Branches:
Dungeon (2/15)

Altars:

Portals:
Ossuary: D:4

Annotations:
D:4 Jarno's ghost, novice DDFi


Innate Abilities, Weirdness & Mutations

You are too large for most types of armour.
You have tough skin. (AC +1)


Message History

You open the door.
A mummy comes into view.
Found a sand-covered staircase.
The mummy misses you.
There is an open door here.
You hit the mummy but do no damage. The mummy hits you!
You barely miss the mummy. You hit the mummy but do no damage.
The mummy closely misses you.
You hit the mummy.
The mummy is lightly damaged.
The mummy hits you but does no damage.
You hit the mummy but do no damage.
The mummy is lightly damaged.
It was a potion of haste.
You feel yourself speed up. Jarno's ghost hits you! The mummy hits you!
* * * LOW HITPOINT WARNING * * *
You are very lightly contaminated with residual magic.
Jarno's ghost closely misses you. Jarno's ghost hits you!
You die...

,,* #,*,,...# **,***,,,,,,* * #.*
#.***#..# *,* ******** * #.#
#.####..### *,* * #.##
#........)## **+##* *
...#####....##..###....**** *
...##....W.............,,,* ****
...###..###+###.###+##*,,** **,**
...####..##,##...##,**,,,****,,,*
..........###...@.##*,,,,+,,,,,,,
.).######..#...W...#,,,,,****,,,*
#### *#..###'###.....** **,**
#...##M#*,....#* ***,
#.#W.###,,,..## *, #,*#..*,,,,+##
****, *,**#.,,,,*,* *,,,, *,*
**,****,* *,**, *,* *** **,**
*,**,


You could see a mummy and Jarno's ghost.

Vanquished Creatures
  2 worker ants (D:4)
  An adder (D:2)
  An ooze (D:1)
  A worm (D:2)
  A dart slug (D:1)
  3 leopard geckos
  A ball python (D:1)
  4 giant cockroaches
  3 goblins (D:2)
  6 hobgoblins
  3 jackals (D:2)
  4 bats
  3 frilled lizards
  3 kobolds
  5 rats (D:1)
41 creatures vanquished.

Notes
Turn   | Place    | Note
-------+----------+-------------------------------------------
     0 | D:1      | wazuzu the Ogre Hunter began the quest for the Orb.
     0 | D:1      | Reached XP level 1. HP: 22/22 MP: 1/1
   209 | D:1      | Reached XP level 2. HP: 21/32 MP: 2/2
   811 | D:1      | Reached XP level 3. HP: 40/40 MP: 3/3
  1584 | D:2      | Reached skill level 1 in Maces & Flails
  2373 | D:2      | Reached XP level 4. HP: 47/49 MP: 4/4
  2559 | D:2      | You fall through a shaft for 2 floors!
  2622 | D:4      | Noticed Jarno's ghost (novice DDFi)
  2635 | D:4      | Found a sand-covered staircase.
  2644 | D:4      | Slain by Jarno's ghost

Vault maps used:
D:1:      elethiomel_arrival_maze
D:2:      minmay_wonky_spiral
D:4:      gammafunk_temple_overflow_wave, yredelemnul_forgotten_temple_becter,
          serial_shops, shop_statue, nicolae_ossuary_entry_giza,
          nicolae_dithmenos_shadow_blocks

Skill      XL: |  1  2  3  4 |
---------------+-------------+-----
Fighting       | 3 4 |  4.7
Maces & Flails | 2 4 |  4.2
Throwing       | |  4.0
Dodging        | |  1.7
Stealth        | |  0.6

Action                   |  1- 3 |  4- 6 || total
-------------------------+-------+-------++-------
Melee: Short sword       |   168 |    14 ||   182
       Club              |       |    24 ||    24
  Use: Scroll            |     1 |     4 ||     5
       Potion            |       |     1 ||     1
 Stab: Sleeping          |     1 |     1 ||     2
  Eat: Chunk             |     3 |       ||     3
       Bread ration      |       |     1 ||     1
Armor: Robe              |    51 |     9 ||    60
Dodge: Dodged            |    86 |    25 ||   111
